 Dungeon Crawl Stone Soup version 0.29.0-4-gdea44cf6ec (webtiles) character file.

Game seed: 6342986517095046672

46198 qw the Severer (level 14, -9/129 HPs)
             Began as a Minotaur Berserker on Sept 4, 2022.
             Was an Elder of Trog.
             Mangled by a blink frog (12 damage)
             ... on level 5 of the Lair of Beasts.
             The game lasted 00:06:54 (20457 turns).

qw the Severer (Minotaur Berserker)                Turns: 20457, Time: 00:06:54

Health: -9/129     AC: 30    Str: 26    XL:     14   Next: 3%
Magic:  13/13      EV: 10    Int:  4    God:    Trog [****..]
Gold:   391        SH: 14    Dex: 11    Spells: 13/13 levels left

rFire   . . .      SeeInvis +   Y - +1 broad axe (elec)
rCold   . . .      Faith    .   j - +2 kite shield
rNeg    . . .      Spirit   .   o - +0 crystal plate armour
rPois   .          Reflect  .   r - +2 hat
rElec   .          Harm     .   (no cloak)
rCorr   .          Rampage  .   m - +2 pair of gloves
Will    +....                   c - +0 pair of boots
Stlth   ..........              p - amulet of the acrobat
HPRegen 0.31/turn               g - +4 ring of evasion
MPRegen 0.13/turn               i - ring of see invisible

@: lethally poisoned (-9 -> -23), on berserk cooldown, slowed, very slow
A: horns 2, retaliatory headbutt
a: Renounce Religion, Berserk, Trog's Hand, Brothers in Arms


You were on level 5 of the Lair of Beasts.
You worshipped Trog.
Trog was greatly pleased with you.
You visited 2 branches of the dungeon, and saw 16 of its levels.
You also visited: Ossuary.

You collected 1210 gold pieces.
You spent 819 gold pieces at shops.


Innate Abilities, Weirdness & Mutations

You have a pair of horns on your head.
You reflexively headbutt those who attack you in melee.


   Skills:
 - Level 13.0 Fighting
 - Level 18.0 Axes
 - Level 2.0 Throwing
 + Level 14.3 Armour
 - Level 4.0 Dodging
 - Level 13.1 Shields


You had 13 spell levels left.
You didn't know any spells.
Your spell library was empty.

Inventory:

Hand Weapons
 s - a +0 war axe of flaming
 Y - a +1 broad axe of electrocution (weapon)
Missiles
 u - 2 boomerangs (quivered)
Armour
 c - a +0 pair of boots (worn)
 j - a +2 kite shield (worn)
 m - a +2 pair of gloves (worn)
 o - a +0 crystal plate armour (worn)
 r - a +2 hat (worn)
Jewellery
 a - a +6 ring of strength
 g - a +4 ring of evasion (left hand)
 i - a ring of see invisible (right hand)
 l - the ring "Bugras" {rC- rCorr MP+9 Slay+5}
   (You acquired it on level 9 of the Dungeon)

   [ring of magical power]

   Slay:      It affects your accuracy & damage with ranged weapons and melee
   (+5).
   rC:        It makes you vulnerable to cold.
   MP:        It affects your magic capacity (+9).
   rCorr:     It protects you from acid and corrosion.
 p - an amulet of the acrobat (around neck)
Scrolls
 b - 14 scrolls of identify
Potions
 d - 2 potions of cancellation
 f - 9 potions of curing
 h - 2 potions of mutation
 k - 2 potions of resistance
 n - a potion of haste

Dungeon Overview and Level Annotations

Branches:
Dungeon (11/15)            Temple (0/1) D:7            Lair (5/5) D:11
  Swamp (0/4) Lair:2       Spider (0/4) Lair:3        Slime (0/5) Lair:4
Ossuary (visited)
    Orc: D:9-12

Altars:
Ashenzari
Dithmenos
Fedhas
Hepliaklqana
Kikubaaqudgha
Nemelex Xobeh
Sif Muna
Vehumet
Xom
Yredelemnul
Jiyva

Shops:
D:2 =   D:9 !?*?:


Message History

You headbutt the cane toad, but do no damage.
The cane toad is heavily wounded.
You completely miss the blink frog. You miss the blink frog.
You miss the bullfrog.
You feel extremely sick. The blink frog hits you!
You block the vampire mosquito's attack.
You block the cane toad's attack. The bullfrog closely misses you.
A vampire mosquito comes into view.
The blink frog blinks!
You block the blink frog's attack. The vampire mosquito barely misses you.
The blink frog hits you but does no damage.
The vampire mosquito buzzes angrily.
You slash the cane toad!
The cane toad is almost dead.
You closely miss the bullfrog. You slash the blink frog! x2
You miss the blink frog. You closely miss the vampire mosquito.
You feel extremely sick. You block the bullfrog's attack.
The vampire mosquito completely misses you.
You block the blink frog's attack.
The blink frog hits you but does no damage.
The blink frog blinks!
The cane toad stings you but does no damage.
The vampire mosquito bites you but does no damage.
The blink frog hits you but does no damage.
You slash the cane toad!
You kill the cane toad!
Trog accepts your kill.
You hit the vampire mosquito. You closely miss the blink frog. x2
You slash the blink frog!
Lightning courses through the blink frog!!
You kill the blink frog!
Trog accepts your kill.
You slash the komodo dragon!
Lightning courses through the komodo dragon!
You feel very sick.
You block the vampire mosquito's attack.
The blink frog hits you!
You die...

#....P.~~~~~~~~~
...~....~..~~~~~
..........~~..~~
..........Py..~.
.............~..
.......FF...~...
......FF%%.....#
.......@l......#
......%¤y¤.##.##
..####%%.####
#P.<...P.#
##.......#
##.........
..........
...........
...........P


You could see a komodo dragon, 3 blink frogs, 2 vampire mosquitoes and a
bullfrog.

Vanquished Creatures
  4 hydras
  3 two-headed ogres
  12 death yaks
  Pikel (D:5)
  A necromancer (Lair:3)
  2 oklob plants (Lair:4)
  2 cyclopes (D:11)
  5 black mambas
  Joseph (D:7)
  3 elephants (Lair:1)
  Maggie (D:7)
  13 cane toads
  3 rime drakes
  A yaktaur (D:10)
  4 komodo dragons
  5 trolls
  2 polar bears
  28 blink frogs
  Prince Ribbit (D:7)
  4 dream sheep (Lair:5)
  A jumping spider (Lair:3)
  A vampire (D:10)
  A water elemental (D:11)
  41 yaks
  3 wyverns
  Eustachio (D:6)
  A hog (shapeshifter) (D:10)
  5 steam dragons
  A redback (Lair:3)
  5 vampire mosquitoes
  11 water moccasins
  2 ice beasts
  4 black bears
  4 orc warriors
  2 sky beasts (D:7)
  2 ogres
  18 wolves
  4 centaurs
  5 kobold brigands
  A necrophage (D:6)
  7 bullfrogs
  2 gnoll sergeants (D:10)
  2 scorpions
  5 wights
  7 killer bees
  2 electric eels (D:11)
  7 hounds
  5 orc priests
  A jelly (D:6)
  2 gnoll boudas
  2 iguanas
  Natasha (thrice) (D:2)
  12 orc wizards
  2 yak simulacra (Lair:3)
  3 polar bear simulacra (Lair:3)
  3 wolf simulacra (Lair:3)
  8 mummies (Ossuary)
  21 gnolls
  8 adders
  2 shadow imps
  3 white imps
  A worm (D:2)
  5 dart slugs
  36 orcs
  4 ball pythons
  6 endoplasms
  5 giant cockroaches
  10 goblins
  3 hobgoblins (D:1)
  A jackal (D:5)
  3 quokkas (D:1)
  10 bats
  2 frilled lizards (D:2)
  3 hobgoblin zombies (Ossuary)
  28 kobolds
  3 kobold zombies (Ossuary)
  2 orc zombies (Ossuary)
  6 rats
  3 river rat simulacra (Lair:3)
447 creatures vanquished.

Vanquished Creatures (collateral kills)
  A hydra (D:11)
  A blink frog (Lair:2)
  A basilisk (Lair:2)
3 creatures vanquished.

Vanquished Creatures (others)
  An orc wizard (D:11)
  9 fungi
  49 plants
59 creatures vanquished.

Grand Total: 509 creatures vanquished

Notes
Turn   | Place    | Note
-------+----------+-------------------------------------------
     0 | D:1      | qw the Minotaur Berserker began the quest for the Orb.
     0 | D:1      | Reached XP level 1. HP: 19/19 MP: 0/0
     0 | D:1      | 0 ||| qw: Version: 0.1-a-103-gd6f5d3a
     0 | D:1      | 0 ||| qw: Game counter: 5733
     0 | D:1      | 0 ||| qw: Always use a shield: true
     0 | D:1      | 0 ||| qw: Do Orc after D:15 true
     0 | D:1      | 0 ||| qw: Do second Lair branch before Depths: true
     0 | D:1      | 0 ||| qw: Lair rune preference: random
     0 | D:1      | 0 ||| qw: Plans: Normal
     0 | D:1      | 0 ||| PLANNING D:1-11
    95 | D:1      | 95 ||| Stepping ~*~*~tactically~*~*~ (stealth).
    99 | D:1      | Reached skill level 4 in Axes
   134 | D:1      | 134 ||| Stepping ~*~*~tactically~*~*~ (hiding).
   236 | D:1      | 236 ||| Stepping ~*~*~tactically~*~*~ (hiding).
   338 | D:1      | 338 ||| Stepping ~*~*~tactically~*~*~ (hiding).
   346 | D:1      | Reached XP level 2. HP: 24/26 MP: 1/1
   378 | D:1      | 378 ||| Stepping ~*~*~tactically~*~*~ (stealth).
   389 | D:1      | 389 ||| Stepping ~*~*~tactically~*~*~ (stealth).
   669 | D:1      | You fall into a shaft and drop 1 floor!
   672 | D:2      | Noticed a scorpion
   679 | D:2      | Killed a scorpion
   680 | D:2      | Reached skill level 6 in Axes
   680 | D:2      | Reached XP level 3. HP: 31/31 MP: 2/2
   680 | D:2      | Reached XP level 4. HP: 39/39 MP: 3/3
   761 | D:2      | 761 ||| Stepping ~*~*~tactically~*~*~ (stealth).
   762 | D:2      | 762 ||| Stepping ~*~*~tactically~*~*~ (stealth).
   831 | D:2      | 831 ||| UPGRADING to +0 buckler.
   836 | D:2      | 836 ||| UPGRADING to +4 ring of evasion.
   837 | D:2      | 837 ||| READING scroll labelled GOETERCH BIRO.
   838 | D:2      | 838 ||| READING scroll labelled BOYLEYP GELIY.
   839 | D:2      | 839 ||| READING scroll labelled POLEEQURGHOCK.
   854 | D:1      | Reached ** piety under Trog
   861 | D:1      | 861 ||| Stepping ~*~*~tactically~*~*~ (stealth).
   998 | D:1      | Reached skill level 1 in Shields
  1459 | D:1      | 1459 ||| UPGRADING to +0 ring mail.
  1469 | D:1      | 1469 ||| DROPPING +0 animal skin.
  1613 | D:2      | 1613 ||| Stepping ~*~*~tactically~*~*~ (hiding).
  1616 | D:2      | 1616 ||| Stepping ~*~*~tactically~*~*~ (hiding).
  1617 | D:2      | 1617 ||| FLEEEEING.
  1619 | D:2      | 1619 ||| FLEEEEING.
  1620 | D:2      | 1620 ||| FLEEEEING.
  1621 | D:2      | 1621 ||| FLEEEEING.
  1622 | D:2      | 1622 ||| FLEEEEING.
  1623 | D:2      | 1623 ||| FLEEEEING.
  1624 | D:2      | 1624 ||| FLEEEEING.
  1626 | D:2      | 1626 ||| FLEEEEING.
  1627 | D:2      | 1627 ||| STAIRDANCE
  1653 | D:1      | 1653 ||| READING scroll labelled TETUREOGAES.
  1654 | D:1      | 1654 ||| DRINKING 2 cyan potions.
  1670 | D:2      | Found Ruvviory's Jewellery Boutique.
  1674 | D:2      | Noticed Natasha
  1677 | D:2      | 1677 ||| INVOKING Berserk.
  1680 | D:2      | Killed Natasha
  1681 | D:2      | Reached XP level 5. HP: 45/45 MP: 4/4
  1744 | D:2      | 1744 ||| Stepping ~*~*~tactically~*~*~ (stealth).
  1749 | D:2      | Noticed Natasha
  1754 | D:2      | 1754 ||| INVOKING Berserk.
  1764 | D:2      | Killed Natasha
  1784 | D:2      | Noticed Natasha
  1786 | D:2      | 1786 ||| Stepping ~*~*~tactically~*~*~ (hiding).
  1787 | D:2      | 1787 ||| Stepping ~*~*~tactically~*~*~ (hiding).
  1789 | D:2      | Killed Natasha
  1882 | D:2      | 1882 ||| SHOPLISTING amulet of regeneration (360 gold, have
                  | 127).
  1882 | D:2      | 1882 ||| SHOPLISTING ring "Tefung" {Will+ AC+4 Str+4} (684
                  | gold, have 127).
  1882 | D:2      | 1882 ||| SHOPLISTING ring of fire (300 gold, have 127).
  1882 | D:2      | 1882 ||| SHOPLISTING ring of positive energy (240 gold,
                  | have 127).
  1882 | D:2      | 1882 ||| SHOPLISTING ring of protection from cold (300
                  | gold, have 127).
  1882 | D:2      | 1882 ||| SHOPLISTING ring of see invisible (180 gold, have
                  | 127).
  1889 | D:2      | Reached skill level 7 in Axes
  1956 | D:2      | Found a faded altar of an unknown god.
  2107 | D:2      | 2107 ||| READING scroll labelled FONUPT LAMUKKE.
  2108 | D:2      | 2108 ||| READING 2 scrolls labelled NAIPEISTOI.
  2109 | D:2      | 2109 ||| READING scroll labelled KUPABI XINOO.
  2110 | D:2      | 2110 ||| READING scroll labelled NIPSUDDIORGH.
  2111 | D:2      | 2111 ||| DRINKING 2 golden potions.
  2112 | D:2      | 2112 ||| DRINKING 2 fizzy emerald potions.
  2113 | D:2      | 2113 ||| DROPPING potion of brilliance.
  2114 | D:2      | 2114 ||| DROPPING scroll of noise.
  2429 | D:3      | 2429 ||| DROPPING +0 club.
  2581 | D:3      | Identified the +7 dagger of the Inferno {protect, Contam
                  | rElec Will+}
  3037 | D:3      | 3037 ||| UPGRADING to +0 chain mail.
  3047 | D:3      | 3047 ||| DROPPING +0 ring mail.
  3048 | D:3      | 3048 ||| UPGRADING to +2 kite shield.
  3058 | D:3      | 3058 ||| DROPPING +0 buckler.
  3059 | D:3      | 3059 ||| READING 3 scrolls of identify.
  3059 | D:3      | 3059 ||| IDENTIFYING green potion
  3060 | D:3      | 3060 ||| DROPPING potion of flight.
  3137 | D:4      | 3137 ||| Stepping ~*~*~tactically~*~*~ (stealth).
  3141 | D:4      | 3141 ||| Stepping ~*~*~tactically~*~*~ (hiding).
  3148 | D:4      | 3148 ||| INVOKING Berserk.
  3152 | D:4      | Reached skill level 3 in Shields
  3154 | D:4      | Reached XP level 6. HP: 52/52 MP: 5/5
  3272 | D:4      | 3272 ||| DROPPING +0 mace.
  3285 | D:4      | 3285 ||| INVOKING Berserk.
  3404 | D:4      | Reached *** piety under Trog
  3408 | D:4      | 3408 ||| INVOKING Berserk.
  3617 | D:4      | 3617 ||| INVOKING Berserk.
  3623 | D:4      | Reached XP level 7. HP: 59/59 MP: 6/6
  3629 | D:4      | 3629 ||| FLEEEEING.
  3630 | D:4      | 3630 ||| FLEEEEING.
  3631 | D:4      | 3631 ||| FLEEEEING.
  3637 | D:4      | 3637 ||| FLEEEEING.
  3638 | D:4      | 3638 ||| FLEEEEING.
  3639 | D:4      | 3639 ||| FLEEEEING.
  3640 | D:4      | 3640 ||| STAIRDANCE
  3677 | D:3      | 3677 ||| READING 2 scrolls labelled QATOUR XIODGHI.
  3682 | D:3      | 3682 ||| READING 2 scrolls of identify.
  3682 | D:3      | 3682 ||| IDENTIFYING sedimented inky potion
  3683 | D:3      | 3683 ||| DROPPING potion of degeneration.
  3806 | D:4      | Found an ancient bone altar of Kikubaaqudgha.
  3869 | D:5      | Entered Level 5 of the Dungeon
  3870 | D:5      | 3870 ||| PLANNING OSSUARY
  3895 | D:5      | Found a sand-covered staircase.
  3904 | Ossuary  | Entered an ossuary
  3940 | Ossuary  | Reached skill level 8 in Axes
  4220 | Ossuary  | 4220 ||| READING 3 scrolls of identify.
  4220 | Ossuary  | 4220 ||| IDENTIFYING fuming grey potion
  4240 | D:5      | 4240 ||| PLANNING D:1-11
  4267 | D:5      | 4267 ||| INVOKING Berserk.
  4272 | D:5      | Reached skill level 6 in Shields
  4580 | D:5      | 4580 ||| Stepping ~*~*~tactically~*~*~ (hiding).
  4906 | D:5      | Identified the +1 ring mail "Fonebrut" {Drain Regen+ Int+3
                  | Slay+4}
  4919 | D:5      | Noticed Pikel
  4924 | D:5      | 4924 ||| INVOKING Berserk.
  4929 | D:5      | Killed Pikel
  4930 | D:5      | Reached skill level 10 in Axes
  4930 | D:5      | Reached XP level 8. HP: 66/66 MP: 7/7
  4947 | D:5      | 4947 ||| Stepping ~*~*~tactically~*~*~ (stealth).
  4952 | D:5      | 4952 ||| Stepping ~*~*~tactically~*~*~ (stealth).
  4956 | D:5      | 4956 ||| Stepping ~*~*~tactically~*~*~ (stealth).
  4957 | D:5      | 4957 ||| Stepping ~*~*~tactically~*~*~ (stealth).
  4963 | D:5      | 4963 ||| Stepping ~*~*~tactically~*~*~ (stealth).
  5010 | D:5      | 5010 ||| Stepping ~*~*~tactically~*~*~ (stealth).
  5013 | D:5      | 5013 ||| Stepping ~*~*~tactically~*~*~ (stealth).
  5045 | D:5      | 5045 ||| SWAPPING to +0 broad axe.
  5130 | D:5      | 5130 ||| DROPPING +0 hand axe.
  5317 | D:5      | 5317 ||| Stepping ~*~*~tactically~*~*~ (stealth).
  5331 | D:5      | 5331 ||| INVOKING Berserk.
  5659 | D:5      | 5659 ||| Stepping ~*~*~tactically~*~*~ (stealth).
  5661 | D:5      | 5661 ||| Stepping ~*~*~tactically~*~*~ (hiding).
  5807 | D:5      | 5807 ||| UPGRADING to +1 ring mail "Fonebrut" {Drain Regen+
                  | Int+3 Slay+4}.
  5817 | D:5      | 5817 ||| DROPPING +0 chain mail.
  5818 | D:5      | 5818 ||| UPGRADING to +0 pair of gloves.
  5823 | D:5      | 5823 ||| UPGRADING to amulet of the acrobat.
  5828 | D:5      | 5828 ||| READING 2 scrolls of identify.
  5828 | D:5      | 5828 ||| IDENTIFYING puce potion
  5829 | D:5      | 5829 ||| DROPPING potion of magic.
  5881 | D:6      | 5881 ||| Stepping ~*~*~tactically~*~*~ (hiding).
  5884 | D:6      | 5884 ||| INVOKING Berserk.
  5887 | D:6      | Reached skill level 1 in Throwing
  6070 | D:6      | 6070 ||| Stepping ~*~*~tactically~*~*~ (hiding).
  6076 | D:6      | 6076 ||| INVOKING Berserk.
  6208 | D:6      | 6208 ||| Stepping ~*~*~tactically~*~*~ (stealth).
  6209 | D:6      | 6209 ||| Stepping ~*~*~tactically~*~*~ (stealth).
  6211 | D:6      | 6211 ||| Stepping ~*~*~tactically~*~*~ (hiding).
  6214 | D:6      | 6214 ||| INVOKING Berserk.
  6218 | D:6      | Reached skill level 6 in Fighting
  6218 | D:6      | Reached XP level 9. HP: 75/75 MP: 8/8
  6353 | D:6      | Reached skill level 11 in Axes
  6366 | D:6      | Noticed Eustachio
  6370 | D:6      | 6370 ||| INVOKING Berserk.
  6372 | D:6      | Killed Eustachio
  6808 | D:6      | 6808 ||| UPGRADING to +6 ring of strength.
  6854 | D:7      | 6854 ||| STAIRDANCE
  6862 | D:7      | 6862 ||| INVOKING Berserk.
  6868 | D:7      | 6868 ||| STAIRDANCE
  7009 | D:7      | 7009 ||| Stepping ~*~*~tactically~*~*~ (stealth).
  7013 | D:7      | 7013 ||| DRINKING 6 potions of curing.
  7013 | D:7      | 7013 ||| (to cure confusion)
  7018 | D:7      | 7018 ||| INVOKING Berserk.
  7055 | D:7      | 7055 ||| Stepping ~*~*~tactically~*~*~ (stealth).
  7063 | D:7      | Reached skill level 12 in Axes
  7080 | D:7      | 7080 ||| READING scroll of enchant armour.
  7080 | D:7      | 7080 ||| ENCHANTING +0 pair of gloves.
  7091 | D:7      | Found a flagged portal.
  7115 | D:7      | 7115 ||| INVOKING Berserk.
  7228 | D:7      | Found a shimmering altar of Xom.
  7282 | D:7      | Reached skill level 3 in Dodging
  7282 | D:7      | Found a staircase to the Ecumenical Temple.
  7381 | D:7      | 7381 ||| Stepping ~*~*~tactically~*~*~ (hiding).
  7537 | D:7      | Noticed Joseph
  7538 | D:7      | 7538 ||| Stepping ~*~*~tactically~*~*~ (hiding).
  7545 | D:7      | Reached skill level 9 in Shields
  7551 | D:7      | Noticed Prince Ribbit
  7551 | D:7      | Noticed Maggie
  7552 | D:7      | Killed Joseph
  7553 | D:7      | 7553 ||| Stepping ~*~*~tactically~*~*~ (hiding).
  7555 | D:7      | 7555 ||| FLEEEEING.
  7567 | D:7      | 7567 ||| INVOKING Berserk.
  7578 | D:7      | Killed Maggie
  7579 | D:7      | Reached skill level 13 in Axes
  7579 | D:7      | Reached XP level 10. HP: 61/86 MP: 9/9
  7585 | D:7      | Killed Prince Ribbit
  7696 | D:7      | 7696 ||| DROPPING +0 flail.
  7892 | D:7      | 7892 ||| UPGRADING to +0 plate armour.
  7902 | D:7      | 7902 ||| DROPPING +1 ring mail "Fonebrut" {Drain Regen+
                  | Int+3 Slay+4}.
  7903 | D:7      | 7903 ||| UPGRADING to +2 hat.
  7908 | D:7      | 7908 ||| DROPPING ring of resist corrosion.
  7909 | D:7      | 7909 ||| READING 2 scrolls of identify.
  7909 | D:7      | 7909 ||| IDENTIFYING fizzy red potion
  7942 | D:8      | 7942 ||| FLEEEEING.
  7943 | D:8      | 7943 ||| STAIRDANCE
  8040 | D:8      | 8040 ||| STAIRDANCE
  8042 | D:7      | Reached **** piety under Trog
  8045 | D:8      | 8045 ||| STAIRDANCE
  8068 | D:8      | 8068 ||| Stepping ~*~*~tactically~*~*~ (stealth).
  8107 | D:8      | Found a hazy altar of Hepliaklqana.
  8150 | D:8      | Reached skill level 6 in Armour
  8228 | D:8      | 8228 ||| Stepping ~*~*~tactically~*~*~ (hiding).
  8246 | D:8      | 8246 ||| Stepping ~*~*~tactically~*~*~ (stealth).
  8247 | D:8      | 8247 ||| FLEEEEING.
  8248 | D:8      | 8248 ||| FLEEEEING.
  8253 | D:8      | 8253 ||| FLEEEEING.
  8254 | D:8      | 8254 ||| FLEEEEING.
  8255 | D:8      | 8255 ||| FLEEEEING.
  8259 | D:8      | 8259 ||| FLEEEEING.
  8310 | D:8      | 8310 ||| FLEEEEING.
  8317 | D:8      | 8317 ||| STAIRDANCE
  8399 | D:8      | 8399 ||| INVOKING Berserk.
  8557 | D:8      | 8557 ||| Stepping ~*~*~tactically~*~*~ (stealth).
  8562 | D:8      | 8562 ||| Stepping ~*~*~tactically~*~*~ (hiding).
  8575 | D:8      | 8575 ||| Stepping ~*~*~tactically~*~*~ (stealth).
  8580 | D:8      | 8580 ||| Stepping ~*~*~tactically~*~*~ (stealth).
  8847 | D:8      | 8847 ||| UPGRADING to ring of see invisible.
  8849 | D:8      | 8849 ||| READING scroll labelled SAGO IVETS.
  8881 | D:9      | 8881 ||| STAIRDANCE
  8910 | D:9      | 8910 ||| STAIRDANCE
  9014 | D:9      | 9014 ||| Stepping ~*~*~tactically~*~*~ (stealth).
  9025 | D:9      | 9025 ||| INVOKING Berserk.
  9058 | D:9      | 9058 ||| Stepping ~*~*~tactically~*~*~ (stealth).
  9180 | D:9      | 9180 ||| Stepping ~*~*~tactically~*~*~ (stealth).
  9183 | D:9      | 9183 ||| Stepping ~*~*~tactically~*~*~ (stealth).
  9186 | D:9      | 9186 ||| Stepping ~*~*~tactically~*~*~ (stealth).
  9220 | D:9      | 9220 ||| READING scroll of enchant armour.
  9220 | D:9      | 9220 ||| ENCHANTING +1 pair of gloves.
  9300 | D:9      | 9300 ||| INVOKING Berserk.
  9301 | D:9      | Noticed a two-headed ogre
  9310 | D:9      | Killed a two-headed ogre
  9311 | D:9      | Reached skill level 14 in Axes
  9431 | D:9      | Found a radiant altar of Vehumet.
  9446 | D:9      | 9446 ||| Stepping ~*~*~tactically~*~*~ (stealth).
  9448 | D:9      | 9448 ||| INVOKING Berserk.
  9455 | D:9      | Noticed a two-headed ogre
  9472 | D:9      | Killed a two-headed ogre
  9705 | D:9      | 9705 ||| Stepping ~*~*~tactically~*~*~ (stealth).
  9707 | D:9      | 9707 ||| Stepping ~*~*~tactically~*~*~ (stealth).
  9715 | D:9      | Found Vigifen's Magic Scroll Shop.
  9724 | D:9      | 9724 ||| BUYING scroll of acquirement (572 gold).
  9724 | D:9      | Bought a scroll of acquirement for 572 gold pieces
  9724 | D:9      | 9724 ||| BUYING scroll of enchant armour (82 gold).
  9724 | D:9      | Bought a scroll of enchant armour for 82 gold pieces
  9724 | D:9      | 9724 ||| BUYING scroll of identify (22 gold).
  9724 | D:9      | Bought a scroll of identify for 22 gold pieces
  9724 | D:9      | 9724 ||| BUYING scroll of identify (22 gold).
  9724 | D:9      | Bought a scroll of identify for 22 gold pieces
  9724 | D:9      | 9724 ||| BUYING scroll of identify (22 gold).
  9724 | D:9      | Bought a scroll of identify for 22 gold pieces
  9724 | D:9      | 9724 ||| BUYING scroll of identify (22 gold).
  9724 | D:9      | Bought a scroll of identify for 22 gold pieces
  9724 | D:9      | 9724 ||| BUYING scroll of identify (22 gold).
  9724 | D:9      | Bought a scroll of identify for 22 gold pieces
  9724 | D:9      | 9724 ||| BUYING scroll of teleportation (33 gold).
  9724 | D:9      | Bought a scroll of teleportation for 33 gold pieces
  9724 | D:9      | 9724 ||| READING scroll of acquirement.
  9724 | D:9      | 9724 ||| ACQUIRING ring "Bugras" {rC- rCorr MP+9 Slay+5}
  9724 | D:9      | Acquired the ring "Bugras" {rC- rCorr MP+9 Slay+5}
  9726 | D:9      | 9726 ||| READING scroll of enchant armour.
  9726 | D:9      | 9726 ||| ENCHANTING +0 plate armour.
  9729 | D:9      | 9729 ||| Stepping ~*~*~tactically~*~*~ (hiding).
  9731 | D:9      | 9731 ||| Stepping ~*~*~tactically~*~*~ (hiding).
  9778 | D:9      | Found Etuxiwn's Assorted Antiques.
  9783 | D:9      | 9783 ||| SHOPLISTING murky inky potion (22 gold, have 15).
  9783 | D:9      | 9783 ||| SHOPLISTING potion of mutation (200 gold, have
                  | 15).
  9783 | D:9      | 9783 ||| SHOPLISTING shiny plate armour (650 gold, have
                  | 15).
  9795 | D:9      | Found Donuith's Distillery.
  9801 | D:9      | 9801 ||| SHOPLISTING potion of curing (42 gold, have 15).
  9801 | D:9      | 9801 ||| SHOPLISTING potion of heal wounds (70 gold, have
                  | 15).
  9801 | D:9      | 9801 ||| SHOPLISTING potion of mutation (112 gold, have
                  | 15).
  9801 | D:9      | 9801 ||| SHOPLISTING potion of resistance (140 gold, have
                  | 15).
  9899 | D:9      | Found Woytoat's Magic Scroll Boutique.
  9907 | D:9      | 9907 ||| BUYING scroll of identify (22 gold).
  9907 | D:9      | Bought a scroll of identify for 22 gold pieces
  9907 | D:9      | 9907 ||| SHOPLISTING scroll of identify (22 gold, have 5).
  9907 | D:9      | 9907 ||| SHOPLISTING scroll of teleportation (33 gold, have
                  | 5).
  9914 | D:9      | Found Iseryle's Book Shop.
  9922 | D:9      | 9922 ||| Stepping ~*~*~tactically~*~*~ (stealth).
  9923 | D:9      | 9923 ||| Stepping ~*~*~tactically~*~*~ (stealth).
  9937 | D:9      | 9937 ||| Stepping ~*~*~tactically~*~*~ (stealth).
  9942 | D:9      | Reached ***** piety under Trog
  9943 | D:9      | Reached XP level 11. HP: 94/94 MP: 10/10
 10097 | D:9      | 10097 ||| READING scroll labelled EQIAHAT DOLI.
 10102 | D:10     | Entered Level 10 of the Dungeon
 10113 | D:10     | 10113 ||| Stepping randomly (cloudy).
 10118 | D:10     | 10118 ||| INVOKING Berserk.
 10130 | D:10     | Reached skill level 15 in Axes
 10251 | D:10     | 10251 ||| Stepping ~*~*~tactically~*~*~ (hiding).
 10429 | D:10     | 10429 ||| Stepping ~*~*~tactically~*~*~ (hiding).
 10434 | D:10     | 10434 ||| INVOKING Berserk.
 10437 | D:10     | Reached skill level 9 in Fighting
 10602 | D:10     | 10602 ||| Stepping ~*~*~tactically~*~*~ (stealth).
 10646 | D:10     | Found a broken altar of Ashenzari.
 10652 | D:10     | Found a blossoming altar of Fedhas.
 10652 | D:10     | Found a shadowy altar of Dithmenos.
 10653 | D:10     | Found a basalt altar of Yredelemnul.
 10655 | D:10     | Found a sparkling altar of Nemelex Xobeh.
 10656 | D:10     | Found a shimmering blue altar of Sif Muna.
 10738 | D:10     | 10738 ||| Stepping ~*~*~tactically~*~*~ (hiding).
 10739 | D:10     | 10739 ||| Stepping ~*~*~tactically~*~*~ (hiding).
 10987 | D:10     | 10987 ||| INVOKING Berserk.
 11154 | D:10     | Noticed a six-headed hydra
 11155 | D:10     | 11155 ||| READING 7 scrolls of teleportation.
 11214 | D:10     | 11214 ||| Stepping ~*~*~tactically~*~*~ (stealth).
 11216 | D:10     | 11216 ||| INVOKING Brothers in Arms.
 11218 | D:10     | 11218 ||| SWAPPING to +0 war axe of flaming.
 11219 | D:10     | 11219 ||| INVOKING Berserk.
 11224 | D:10     | Killed a three-headed hydra
 11225 | D:10     | Reached skill level 16 in Axes
 11228 | D:10     | 11228 ||| SWAPPING to +0 broad axe.
 11239 | D:10     | 11239 ||| DRINKING 6 potions of curing.
 11239 | D:10     | 11239 ||| (to cure confusion)
 11284 | D:10     | 11284 ||| READING 6 scrolls of teleportation.
 11328 | D:10     | 11328 ||| READING 5 scrolls of teleportation.
 11448 | D:10     | 11448 ||| READING 4 scrolls of teleportation.
 11456 | D:10     | 11456 ||| READING 3 scrolls of teleportation.
 11531 | D:10     | 11531 ||| READING 2 scrolls of teleportation.
 11576 | D:10     | 11576 ||| READING scroll of teleportation.
 11615 | D:10     | 11615 ||| FLEEEEING.
 11616 | D:10     | 11616 ||| FLEEEEING.
 11617 | D:10     | 11617 ||| FLEEEEING.
 11618 | D:10     | 11618 ||| FLEEEEING.
 11619 | D:10     | 11619 ||| FLEEEEING.
 11620 | D:10     | 11620 ||| FLEEEEING.
 11621 | D:10     | 11621 ||| FLEEEEING.
 11622 | D:10     | 11622 ||| FLEEEEING.
 11623 | D:10     | 11623 ||| FLEEEEING.
 11624 | D:10     | 11624 ||| FLEEEEING.
 11744 | D:10     | 11744 ||| Stepping randomly (stuck).
 11746 | D:10     | 11746 ||| Stepping randomly (stuck).
 11749 | D:10     | 11749 ||| INVOKING Berserk.
 11897 | D:10     | Identified the +1 plate armour "Waaddulu" {rElec}
 11899 | D:10     | 11899 ||| UPGRADING to +1 plate armour "Waaddulu" {rElec}.
 11909 | D:10     | 11909 ||| DROPPING +1 plate armour.
 11993 | D:11     | 11993 ||| INVOKING Berserk.
 12175 | D:11     | 12175 ||| INVOKING Berserk.
 12280 | D:11     | 12280 ||| INVOKING Berserk.
 12313 | D:11     | 12313 ||| Stepping ~*~*~tactically~*~*~ (stealth).
 12324 | D:11     | 12324 ||| Stepping ~*~*~tactically~*~*~ (stealth).
 12325 | D:11     | 12325 ||| FLEEEEING.
 12326 | D:11     | 12326 ||| FLEEEEING.
 12327 | D:11     | 12327 ||| FLEEEEING.
 12328 | D:11     | 12328 ||| FLEEEEING.
 12329 | D:11     | 12329 ||| FLEEEEING.
 12330 | D:11     | 12330 ||| FLEEEEING.
 12331 | D:11     | 12331 ||| FLEEEEING.
 12332 | D:11     | 12332 ||| FLEEEEING.
 12333 | D:11     | 12333 ||| FLEEEEING.
 12334 | D:11     | 12334 ||| FLEEEEING.
 12335 | D:11     | 12335 ||| FLEEEEING.
 12336 | D:11     | 12336 ||| FLEEEEING.
 12337 | D:11     | 12337 ||| FLEEEEING.
 12338 | D:11     | 12338 ||| FLEEEEING.
 12371 | D:11     | 12371 ||| INVOKING Berserk.
 12390 | D:11     | 12390 ||| FLEEEEING.
 12392 | D:11     | 12392 ||| FLEEEEING.
 12395 | D:11     | 12395 ||| FLEEEEING.
 12396 | D:11     | 12396 ||| FLEEEEING.
 12397 | D:11     | 12397 ||| FLEEEEING.
 12398 | D:11     | 12398 ||| FLEEEEING.
 12486 | D:11     | 12486 ||| DRINKING 5 potions of curing.
 12486 | D:11     | 12486 ||| (to cure confusion)
 12491 | D:11     | 12491 ||| DRINKING 4 potions of curing.
 12491 | D:11     | 12491 ||| (to cure confusion)
 12644 | D:11     | Noticed a four-headed hydra
 12645 | D:11     | 12645 ||| INVOKING Brothers in Arms.
 12646 | D:11     | 12646 ||| INVOKING Brothers in Arms.
 12649 | D:11     | 12649 ||| SWAPPING to +0 war axe of flaming.
 12651 | D:11     | 12651 ||| SWAPPING to +0 broad axe.
 12705 | D:11     | Found a staircase to the Lair.
 12707 | D:11     | 12707 ||| INVOKING Berserk.
 12742 | D:11     | 12742 ||| FLEEEEING.
 12743 | D:11     | 12743 ||| FLEEEEING.
 12788 | D:11     | 12788 ||| INVOKING Brothers in Arms.
 12789 | D:11     | Noticed a two-headed ogre
 12790 | D:11     | 12790 ||| SWAPPING to +0 war axe of flaming.
 12792 | D:11     | 12792 ||| INVOKING Berserk.
 12793 | D:11     | Killed a three-headed hydra
 12796 | D:11     | Killed a two-headed ogre
 12797 | D:11     | Reached XP level 12. HP: 106/106 MP: 11/11
 12821 | D:11     | 12821 ||| SWAPPING to +0 broad axe.
 13072 | D:11     | Reached skill level 17 in Axes
 13262 | D:11     | 13262 ||| PLANNING LAIR
 13262 | D:11     | 13262 ||| DROPPING +2 pair of gloves.
 13263 | D:11     | 13263 ||| READING scroll labelled CUHAK TA RAJ.
 13264 | D:11     | 13264 ||| READING 12 scrolls of identify.
 13264 | D:11     | 13264 ||| IDENTIFYING glowing sapphire potion
 13318 | Lair:1   | Entered Level 1 of the Lair of Beasts
 13319 | Lair:1   | 13319 ||| INVOKING Berserk.
 13704 | Lair:1   | 13704 ||| Stepping ~*~*~tactically~*~*~ (stealth).
 13705 | Lair:1   | 13705 ||| Stepping ~*~*~tactically~*~*~ (stealth).
 13721 | Lair:1   | 13721 ||| INVOKING Berserk.
 13908 | Lair:1   | 13908 ||| INVOKING Berserk.
 14144 | Lair:1   | 14144 ||| INVOKING Berserk.
 14163 | Lair:1   | Reached skill level 18 in Axes
 14181 | Lair:1   | HP: 19/106 [blink frog (11)]
 14182 | Lair:1   | 14182 ||| READING scroll of teleportation.
 14182 | Lair:1   | HP: 8/106 [blink frog (2)]
 14183 | Lair:1   | 14183 ||| DRINKING 4 potions of heal wounds.
 14183 | Lair:1   | HP: 2/106 [elephant (4)]
 14184 | Lair:1   | 14184 ||| DRINKING 3 potions of heal wounds.
 14185 | Lair:1   | 14185 ||| DRINKING 2 potions of heal wounds.
 14395 | Lair:1   | 14395 ||| INVOKING Berserk.
 14552 | Lair:1   | Reached skill level 9 in Armour
 14553 | Lair:1   | 14553 ||| Stepping ~*~*~tactically~*~*~ (stealth).
 14556 | Lair:1   | 14556 ||| Stepping ~*~*~tactically~*~*~ (stealth).
 14560 | Lair:1   | 14560 ||| INVOKING Berserk.
 14977 | Lair:1   | 14977 ||| UPGRADING to +0 crystal plate armour.
 14987 | Lair:1   | 14987 ||| DROPPING +1 plate armour "Waaddulu" {rElec}.
 14988 | Lair:1   | 14988 ||| READING 11 scrolls of identify.
 14988 | Lair:1   | 14988 ||| IDENTIFYING yellow potion
 14989 | Lair:1   | 14989 ||| READING 10 scrolls of identify.
 14989 | Lair:1   | 14989 ||| IDENTIFYING bubbling red potion
 14990 | Lair:1   | 14990 ||| DROPPING potion of ambrosia.
 15206 | Lair:2   | 15206 ||| Stepping ~*~*~tactically~*~*~ (stealth).
 15213 | Lair:2   | 15213 ||| INVOKING Berserk.
 15505 | Lair:2   | Noticed a five-headed hydra
 15506 | Lair:2   | 15506 ||| INVOKING Brothers in Arms.
 15508 | Lair:2   | 15508 ||| SWAPPING to +0 war axe of flaming.
 15509 | Lair:2   | 15509 ||| INVOKING Berserk.
 15513 | Lair:2   | Killed a three-headed hydra
 15601 | Lair:2   | 15601 ||| SWAPPING to +1 broad axe.
 15638 | Lair:2   | 15638 ||| Stepping ~*~*~tactically~*~*~ (stealth).
 15642 | Lair:2   | 15642 ||| Stepping ~*~*~tactically~*~*~ (stealth).
 15838 | Lair:2   | Found a staircase to the Swamp.
 16037 | Lair:2   | 16037 ||| Stepping ~*~*~tactically~*~*~ (stealth).
 16038 | Lair:2   | 16038 ||| Stepping ~*~*~tactically~*~*~ (stealth).
 16053 | Lair:2   | Reached skill level 12 in Armour
 16056 | Lair:2   | Reached XP level 13. HP: 108/114 MP: 12/12
 16090 | Lair:2   | 16090 ||| Stepping ~*~*~tactically~*~*~ (stealth).
 16092 | Lair:2   | 16092 ||| Stepping ~*~*~tactically~*~*~ (stealth).
 16093 | Lair:2   | 16093 ||| INVOKING Berserk.
 16228 | Lair:2   | 16228 ||| INVOKING Berserk.
 16239 | Lair:2   | 16239 ||| INVOKING Brothers in Arms.
 16392 | Lair:2   | 16392 ||| READING scroll labelled LYNKEPNUJO.
 16393 | Lair:2   | 16393 ||| READING scroll labelled AMIDUTIALU.
 16394 | Lair:2   | 16394 ||| READING 9 scrolls of identify.
 16394 | Lair:2   | 16394 ||| IDENTIFYING dark potion
 16395 | Lair:2   | 16395 ||| DROPPING potion of berserk rage.
 16448 | Lair:3   | 16448 ||| PLANNING GAUNTLET
 16450 | Lair:3   | 16450 ||| STAIRDANCE
 16456 | Lair:3   | 16456 ||| STAIRDANCE
 16458 | Lair:2   | 16458 ||| INVOKING Berserk.
 16529 | Lair:3   | 16529 ||| STAIRDANCE
 16531 | Lair:2   | 16531 ||| INVOKING Brothers in Arms.
 16532 | Lair:2   | 16532 ||| SWAPPING to +0 war axe of flaming.
 16533 | Lair:2   | 16533 ||| INVOKING Berserk.
 16766 | Lair:2   | 16766 ||| SWAPPING to +1 broad axe of electrocution.
 16770 | Lair:3   | 16770 ||| STAIRDANCE
 16772 | Lair:2   | 16772 ||| INVOKING Berserk.
 16889 | Lair:3   | 16889 ||| INVOKING Berserk.
 16896 | Lair:3   | 16896 ||| STAIRDANCE
 16999 | Lair:3   | 16999 ||| RIP GAUNTLET
 17000 | Lair:3   | 17000 ||| PLANNING LAIR
 17025 | Lair:3   | Reached skill level 12 in Shields
 17351 | Lair:3   | 17351 ||| Stepping ~*~*~tactically~*~*~ (hiding).
 17514 | Lair:3   | 17514 ||| INVOKING Berserk.
 17691 | Lair:3   | Found a hole to the Spider Nest.
 17789 | Lair:3   | Reached skill level 12 in Fighting
 17797 | Lair:3   | 17797 ||| FLEEEEING.
 17798 | Lair:3   | 17798 ||| FLEEEEING.
 17799 | Lair:3   | 17799 ||| FLEEEEING.
 17800 | Lair:3   | 17800 ||| FLEEEEING.
 17801 | Lair:3   | 17801 ||| FLEEEEING.
 17802 | Lair:3   | 17802 ||| FLEEEEING.
 17806 | Lair:3   | 17806 ||| STAIRDANCE
 17908 | Lair:2   | 17908 ||| UPGRADING to +0 pair of boots.
 17913 | Lair:2   | 17913 ||| READING scroll labelled QIEPRI OKIVI.
 18418 | Lair:4   | 18418 ||| Stepping ~*~*~tactically~*~*~ (stealth).
 18419 | Lair:4   | 18419 ||| Stepping ~*~*~tactically~*~*~ (stealth).
 18420 | Lair:4   | 18420 ||| INVOKING Brothers in Arms.
 18421 | Lair:4   | 18421 ||| INVOKING Brothers in Arms.
 18422 | Lair:4   | 18422 ||| SWAPPING to +0 war axe of flaming.
 18423 | Lair:4   | 18423 ||| INVOKING Berserk.
 18478 | Lair:4   | 18478 ||| SWAPPING to +1 broad axe of electrocution.
 18786 | Lair:4   | Identified the +6 quarterstaff of Shrieking Defiance
                  | {vorpal, rElec}
 18792 | Lair:4   | 18792 ||| Stepping ~*~*~tactically~*~*~ (stealth).
 18798 | Lair:4   | 18798 ||| INVOKING Berserk.
 19064 | Lair:4   | Found a viscous altar of Jiyva.
 19066 | Lair:4   | Found a staircase to the Slime Pits.
 19068 | Lair:4   | 19068 ||| FLEEEEING.
 19069 | Lair:4   | 19069 ||| FLEEEEING.
 19070 | Lair:4   | 19070 ||| FLEEEEING.
 19233 | Lair:4   | 19233 ||| FLEEEEING.
 19234 | Lair:4   | 19234 ||| FLEEEEING.
 19382 | Lair:4   | 19382 ||| INVOKING Berserk.
 19392 | Lair:4   | HP: 28/118 [oklob plant/splash of acid (9)]
 19393 | Lair:4   | 19393 ||| READING scroll of teleportation.
 19394 | Lair:4   | 19394 ||| DRINKING potion of heal wounds.
 19395 | Lair:4   | HP: 9/118 [acid (8)]
 19886 | Lair:4   | 19886 ||| Stepping ~*~*~tactically~*~*~ (stealth).
 19888 | Lair:4   | 19888 ||| Stepping ~*~*~tactically~*~*~ (stealth).
 19889 | Lair:4   | 19889 ||| Stepping ~*~*~tactically~*~*~ (stealth).
 19890 | Lair:4   | 19890 ||| INVOKING Berserk.
 20067 | Lair:4   | 20067 ||| FLEEEEING.
 20068 | Lair:4   | 20068 ||| FLEEEEING.
 20137 | Lair:4   | 20137 ||| INVOKING Berserk.
 20355 | Lair:4   | 20355 ||| DRINKING 2 murky inky potions.
 20394 | Lair:4   | 20394 ||| DROPPING potion of lignification.
 20424 | Lair:5   | Entered Level 5 of the Lair of Beasts
 20428 | Lair:5   | 20428 ||| INVOKING Berserk.
 20451 | Lair:5   | Reached XP level 14. HP: 70/129 MP: 13/13
 20455 | Lair:5   | HP: 25/129 [poisoned by a cane toad]
 20456 | Lair:5   | HP: 8/129 [poisoned by a cane toad]
 20457 | Lair:5   | HP: 3/129 [poisoned by a cane toad]
 20457 | Lair:5   | Mangled by a blink frog

Levels and vault maps discovered:
D:1:      nicolae_arrival_washed_ashore, layout_basic,
          dreamdust_princess_corridor
D:2:      layout_rooms, shapermc_ecumenical_altar_mp_ritualfount, serial_shops,
          shop, uniq_natasha
D:3:      layout_loops_corners, nrook_campfire
D:4:      layout_rooms, mainiacjoe_overflow_chevrons
D:5:      kb_forest_paths, layout_basic, chequers_ossuary_entry_cave, uniq_pikel
D:6:      layout_loops_ring, uniq_eustachio
D:7:      layout_rooms, lemuel_doored_altar, minmay_temple_entry_from_below_a,
          enter_bailey_3, minmay_tree_intersection, uniq_joseph,
          uniq_prince_ribbit1, uniq_maggie
D:8:      layout_rooms, mainiacjoe_overflow_concentric_impassable, minmay_holes
D:9:      layout_basic, lemuel_tele_altar, serial_shops, shop,
          kennysheep_mini_moat, shop, shop,
          nicolae_shop_temple_entry_statues_fountains
D:10:     layout_long_grid, minitemple, serial_bayou_pond_d, minmay_checkerbox
D:11:     layout_gridville, erik_lair_island
Lair:1:   layout_small_grid, serial_bayou_crossing
Lair:2:   layout_loops_ring, swamp_mist, st_stairs_7, grunt_megastairs_5
Lair:3:   layout_hall_layers, spider_nest_entry_a, gauntlet_entry_generic,
          eino_house_with_fridge
Lair:4:   layout_cave_pods, minmay_slime_entry_oklob_enclosed
Lair:5:   minmay_lair_end_frog_pond, layout_layer_cave, lemuel_fruit_tree,
          uniq_nessos

Skill      XL: |  1  2  3  4  5  6  7  8  9 10 11 12 13 |
---------------+----------------------------------------+-----
Axes           | 4 6 7 10 13 14 16 18 | 18.0
Shields        | 2 3 5 6 7 9 10 11 13 | 13.1
Fighting       | 4 6 7 8 9 10 13 | 13.0
Armour         | 4 7 8 12 14 | 14.3
Throwing       | 1 2 |  2.0
Dodging        | 3 4 |  4.0

Action                   |  1- 3 |  4- 6 |  7- 9 | 10-12 | 13-15 || total
-------------------------+-------+-------+-------+-------+-------++-------
Melee: Hand axe          |    39 |   155 |    83 |       |       ||   277
       Headbutt          |     9 |    22 |    42 |    94 |    47 ||   214
       Broad axe         |       |       |   121 |   503 |   228 ||   852
       War axe           |       |       |       |    18 |     7 ||    25
Throw: Boomerang         |       |       |    25 |    28 |    15 ||    68
Invok: Berserk           |       |     6 |    11 |    23 |    13 ||    53
       Brothers in Arms  |       |       |       |     4 |     3 ||     7
  Use: Scroll            |       |     9 |     5 |    18 |     5 ||    37
       Potion            |       |     3 |     1 |     6 |     2 ||    12
 Stab: Distracted        |       |       |       |     1 |       ||     1
Armor: Animal skin       |     4 |     2 |       |       |       ||     6
       Ring mail         |       |    12 |     8 |       |       ||    20
       Chain mail        |       |    11 |    24 |       |       ||    35
       Plate armour      |       |       |       |   167 |       ||   167
       Crystal plate arm |       |       |       |    22 |   120 ||   142
Dodge: Dodged            |    22 |    57 |    73 |   174 |    63 ||   389
Block: Buckler           |       |    14 |       |       |       ||    14
       Kite shield       |       |    19 |    96 |   351 |   129 ||   595

Table legend:
 A = Non-vault XP
 B = Vault XP
 C = Vault XP percentage of total XP
 D = Non-vault monster count
 E = Vault monster count
 F = Vault count percentage of total count
                 A         B        C        D         E       F
            +---------+---------+-------+---------+---------+-------
      Total |   55153 |   11552 |  17.3 |     375 |      76 |  16.9
            +---------+---------+-------+---------+---------+-------
        D:1 |      57 |       0 |   0.0 |      31 |       0 |   0.0
        D:2 |     198 |      35 |  15.0 |      22 |       1 |   4.3
        D:3 |      40 |       0 |   0.0 |       8 |       0 |   0.0
        D:4 |     416 |       0 |   0.0 |      20 |       0 |   0.0
        D:5 |     914 |     753 |  45.2 |      12 |       7 |  36.8
        D:6 |     718 |     197 |  21.5 |      21 |       1 |   4.5
        D:7 |    1549 |    1172 |  43.1 |      23 |       7 |  23.3
        D:8 |    1680 |       0 |   0.0 |      24 |       0 |   0.0
        D:9 |    3198 |       0 |   0.0 |      39 |       0 |   0.0
       D:10 |    4177 |    1620 |  27.9 |      32 |       4 |  11.1
       D:11 |    4908 |     752 |  13.3 |      25 |       8 |  24.2
     Lair:1 |    8688 |       0 |   0.0 |      34 |       0 |   0.0
     Lair:2 |    8602 |    2071 |  19.4 |      37 |       6 |  14.0
     Lair:3 |    8044 |    1061 |  11.7 |      15 |      14 |  48.3
     Lair:4 |    9220 |    1129 |  10.9 |      23 |       2 |   8.0
     Lair:5 |    2744 |    2607 |  48.7 |       9 |      10 |  52.6
    Ossuary |       0 |     155 | 100.0 |       0 |      16 | 100.0
            +---------+---------+-------+---------+---------+-------
